cohdb
Replays
Latest Replays
All Replays
Popular Replays
Top Player Replays
Match Explorer
How It Works
Community
CoH3 Stats
Reddit
Sign in to upload your games and track your stats! →
Sign in with Steam
Match 40307164
Unlisted
Match 40307164
Overview
Messages
Build Orders
End
Construct Section Command Post
Infantry Section
Infantry Section
Infantry Section
Grenade Package
Infantry Section
Vickers Machine Gun Team
Construct Field Infirmary
Construct Platoon Command Post
6-pounder Anti-tank Gun Team
Infantry Training
Selects Air and Sea Battlegroup
Selects Commando Section Paradrop
Selects M1 Pack Howitzer Paradrop
6-pounder Anti-tank Gun Team
Team Weapon Training
Construct Company Command Post
6-pounder Anti-tank Gun Team
Crusader II Medium Tank
Royal Engineer Section
Сheeser
deadsadbadmad
0
0
Comments
sign in to comment!
No comments posted yet!